cohdb
Replays
Latest Replays
All Replays
Popular Replays
Top Player Replays
Match Explorer
How It Works
Community
CoH3 Stats
Reddit
Sign in to upload your games and track your stats! →
Sign in with Steam
Match 40432304
Unlisted
Match 40432304
Overview
Messages
Build Orders
End
Engineer Squad
Construct Weapon Support Center
Selects Armored Battlegroup
Selects Veteran Crews
M1919 Machine Gun Team
M1919 Machine Gun Team
Infantry Support Center
M1919 Machine Gun Team
Selects Fast Deploy
.30 cal Machine Gun
.30 cal Machine Gun
.30 cal Machine Gun
.30 cal Machine Gun
.30 cal Machine Gun
Mortar Pit
Mortar Pit
Construct Tank Depot
Mortar Pit
Engineer Squad
Engineer Squad
Engineer Squad
M4A1 Sherman Medium Tank
Mortar Pit
.30 cal Machine Gun
M4A1 Sherman Medium Tank
Mortar Pit
Mortar Pit
M18 Hellcat Tank Destroyer
.30 cal Machine Gun
.30 cal Machine Gun
M18 Hellcat Tank Destroyer
Engineer Squad
Bazooka Squad
Bazooka Squad
Bazooka Squad
M18 Hellcat Tank Destroyer
Improved M9 Bazooka Rockets
Selects M31 Recovery Vehicle
Selects War Machine
Selects Seek and Destroy
Selects UNKNOWN (2160077)
u57100
BERTAO.br
johnsonBydlak
Rudel
Ghost
giovannisebastiano
Dasein
Aprosarmosto
0
0
Comments
sign in to comment!
No comments posted yet!